 Dungeon Crawl Stone Soup version 0.28-a0-1038-g9c4cb8273d (webtiles) character file.

Game seed: 4680464377308510872

89784 browni3141 the Sharpshooter (level 15, -2/108 HPs)
             Began as an Octopode Venom Mage on Dec 8, 2021.
             Was an Elder of Jiyva.
             Killed from afar by Jorgrun (27 damage)
             ... with an iron shot
             ... on level 1 of the Snake Pit.
             The game lasted 01:56:40 (35157 turns).

browni3141 the Sharpshooter (Octopode Venom Mage)  Turns: 35157, Time: 01:56:40

Health: -2/108     AC:  3    Str:  9    XL:     15   Next: 98%
Magic:  25/26      EV: 24    Int: 29    God:    Jiyva [****..]
Gold:   278        SH:  0    Dex: 17    Spells: 2/20 levels left

rFire   . . .      SeeInvis +     - Unarmed
rCold   + . .      Faith    .   (no shield)
rNeg    . . .      Spirit   .   q - +2 hat
rPois   .          Reflect  .   P - amulet of magic regeneration
rElec   +          Harm     .   W - ring of magical power
rCorr   +          Rampage  .   i - ring of Xom's Full Attention {rElec rCorr Slay+3}
Will    +....                   u - ring of protection from cold
Stlth   +++.......              N - ring of see invisible
HPRegen 1.56/turn               O - ring of flight
MPRegen 1.00/turn               m - +4 ring of evasion
                                T - +6 ring of intelligence
                                U - +4 ring of slaying

@: flying
A: almost no armour, amphibious, 8 rings, camouflage 1, gelatinous body 1,
(nimble swimmer 1), tentacles, fangs 2, agile 2, low mp 1, passive freeze,
tendrils
a: Renounce Religion, Oozemancy, Slimify


You were on level 1 of the Snake Pit.
You worshipped Jiyva.
Jiyva was greatly pleased with you.
You visited 6 branches of the dungeon, and saw 24 of its levels.
You also visited: Sewer, Bailey and Ice Cave.

You collected 2652 gold pieces.
You spent 2374 gold pieces at shops.

Inventory:

Hand Weapons
 a - a +3 arbalest of flaming
 S - a +2 triple crossbow of flaming
Missiles
 b - 391 arrows
 g - 67 poisoned darts
 n - 574 stones
 A - 36 bolts
 Z - 4 curare-tipped darts
Armour
 q - a +2 hat (worn)
 B - the +1 kite shield of Ziwnof {rF+ Int+4}
   (You found it on level 6 of the Dungeon)

   Int:       It affects your intelligence (+4).
   rF:        It protects you from fire.
Jewellery
 i - the ring of Xom's Full Attention (right tentacle) {rElec rCorr Slay+3}
   (You found it on level 1 of the Elven Halls)

   [ring of resist corrosion]

   Slay:      It affects your accuracy & damage with ranged weapons and melee
   (+3).
   rElec:     It insulates you from electricity.
   rCorr:     It protects you from acid and corrosion.
 m - a +4 ring of evasion (on tentacle)
 u - a ring of protection from cold (on tentacle)
 y - an amulet of reflection
 F - a ring of poison resistance
 J - a ring of protection from fire
 N - a ring of see invisible (on tentacle)
 O - a ring of flight (on tentacle)
 P - an amulet of magic regeneration (around mantle)
 R - an amulet of guardian spirit
 T - a +6 ring of intelligence (on tentacle)
 U - a +4 ring of slaying (on tentacle)
 W - a ring of magical power (left tentacle)
Wands
 s - a wand of flame (19)
 X - a wand of polymorph (1)
Scrolls
 c - 4 scrolls of amnesia
 e - 5 scrolls of teleportation
 f - 3 scrolls of holy word
 j - 3 scrolls of fear
 k - a scroll of noise
 o - a scroll of blinking
 p - 2 scrolls of vulnerability
 r - 3 scrolls of fog
 w - 3 scrolls of immolation
 H - 2 scrolls of enchant armour
 K - 2 scrolls of brand weapon
 V - a scroll of torment
Potions
 d - 2 potions of resistance
 h - 2 potions of flight
 t - a potion of curing
 v - 3 potions of attraction {unknown}
 x - 4 potions of might {unknown}
 z - a potion of lignification {unknown}
 D - 2 potions of magic {unknown}
 G - a potion of invisibility {unknown}
 I - a potion of berserk rage {unknown}
 L - 3 potions of haste {unknown}
 M - a potion of experience {unknown}
 Q - 3 potions of brilliance
 Y - 11 potions of ambrosia


   Skills:
 + Level 11.7 Fighting
 * Level 16.0 Crossbows
 + Level 11.8 Dodging
 - Level 2.6 Stealth
 - Level 2.2 Unarmed Combat
 - Level 3.0 Spellcasting
 - Level 8.9 Conjurations
 - Level 8.1 Hexes
 - Level 1.0 Transmutations
 - Level 3.0 Air Magic
 - Level 12.0 Poison Magic
 - Level 5.0 Evocations


You had 2 spell levels left.
You knew the following spells:

 Your Spells              Type           Power      Damage    Failure   Level
a - Sting                 Tmut/Pois      100%       1d8       1%          1
b - Poisonous Vapours     Pois/Air       94%        N/A       1%          2
c - Mephitic Cloud        Conj/Pois/Air  50%        N/A       1%          3
d - Olgreb's Toxic Radia  Pois           65%        N/A       1%          4
e - Fulminant Prism       Conj/Hex       26%        3d14      2%          4
f - Slow                  Hex            100%       N/A       1%          1
g - Inner Flame           Hex/Fire       28%        N/A       4%          3

Your spell library contained the following spells:

 Spells                   Type           Power      Damage    Failure   Level
 Magic Dart               Conj           100%       1d8       1%          1
 Shock                    Conj/Air       100%       1d9       1%          1
 Searing Ray              Conj           100%       2d8       1%          2
 Animate Skeleton         Necr           8%         N/A       8%          1
 Apportation              Tloc           8%         N/A       8%          1
 Sandblast                Erth           8%         2d5       8%          1
 Summon Small Mammal      Summ           16%        N/A       8%          1
 Passwall                 Tmut/Erth      5%         N/A       10%         2
 Confusing Touch          Hex            51%        N/A       1%          3
 Cause Fear               Hex            25%        N/A       2%          4
 Stone Arrow              Conj/Erth      60%        3d10      3%          3
 Summon Guardian Golem    Hex/Summ       28%        N/A       4%          3
 Swiftness                Air            21%        N/A       7%          3
 Iskenderun's Mystic Bla  Conj/Tloc      30%        2d8       12%         4
 Airstrike                Air            10%        N/A       22%         4
 Yara's Violent Unravell  Hex/Tmut       15%        3d8       32%         5
 Orb of Destruction       Conj           27%        9d11      86%         7
 Lee's Rapid Deconstruct  Erth           2%         3d5*      91%         5
 Spellforged Servitor     Conj/Summ      15%        N/A       100%        7
 Discord                  Hex            25%        N/A       100%        8


Dungeon Overview and Level Annotations

Branches:
Dungeon (12/15)            Temple (1/1) D:6            Lair (6/6) D:8
 Shoals (0/4) Lair:4        Snake (1/4) Lair:4        Slime (0/5) Lair:6
    Orc (2/2) D:12            Elf (2/3) Orc:2         Sewer (visited)
 Bailey (visited)           IceCv (visited)

Altars:
Ashenzari
Cheibriados
Dithmenos
Elyvilon
Fedhas
Gozag
Hepliaklqana
Kikubaaqudgha
Makhleb
Nemelex Xobeh
Okawaru
Qazlal
Ru
Sif Muna
Trog
Uskayaw
Vehumet
Wu Jian
Xom
Yredelemnul
Zin
The Shining One
Jiyva

Shops:
D:2 [   D:3 [=*   D:5 *   D:6 *   Orc:1 (   Orc:2 *[*(:

Annotations:
D:12 Azrael
Lair:1 3 runed translucent doors, exclusion: hydra, siradein's ghost, journeyman HOFi
Lair:2 exclusions: blink frog, 3 death yaks and 2 more exclusions
Lair:3 exclusions: boulder beetle and 3 death yaks
Lair:4 1 runed translucent door, Coamny's ghost, journeyman HOMo
Lair:5 2 runed translucent doors, Dysowo's ghost, journeyman PaMo
Snake:1 Jorgrun
Elf:2 exclusions: dancing weapon and 3 doors


Innate Abilities, Weirdness & Mutations

You cannot wear most types of armour.
You are amphibious.
You can wear up to eight rings at the same time.
Your skin changes colour to match your surroundings (Stealth+).
Your rubbery body absorbs attacks. (AC +1, EV +1)
((You are camouflaged near water. (Stealth+)))
You have tentacles for arms and can constrict up to eight enemies at once.
You have extremely sharp teeth.
You are very agile. (Dex +4)
Your magical capacity is low. (-10% MP)
A frigid envelope surrounds you and freezes all who hurt you.
You are covered in slimy tendrils that may disarm your opponents.


Message History

Jorgrun hits you with a +0 vorpal quarterstaff!!
Unknown command.
You tentacle-slap Jorgrun. Your bite misses Jorgrun. You squeeze Jorgrun.
Jorgrun is heavily wounded.
You are engulfed in noxious fumes.
You constrict Jorgrun.
Jorgrun is engulfed in noxious fumes.
Jorgrun hits you with a +0 vorpal quarterstaff.
Jorgrun is very cold.
Jorgrun is severely wounded.
You bludgeon Jorgrun! You bite Jorgrun.
Jorgrun is severely wounded.
You are engulfed in noxious fumes.
You constrict Jorgrun. Jorgrun misses you.
Unknown command.
You tentacle-slap Jorgrun.
Jorgrun is severely wounded.
You are engulfed in noxious fumes.
You choke on the stench!
You are confused.
You constrict Jorgrun.
Jorgrun hits you with a +0 vorpal quarterstaff!!
* * * LOW HITPOINT WARNING * * *
Jorgrun is very cold.
Jorgrun is almost dead.
Unknown command.
You feel better.
You are engulfed in noxious fumes.
You choke on the stench!
You are confused.
You constrict Jorgrun!
Jorgrun hits you with a +0 vorpal quarterstaff!!
* * * LOW HITPOINT WARNING * * *
x2 Jorgrun is very cold.
Jorgrun is almost dead.
You feel better.
You are engulfed in noxious fumes.
You choke on the stench!
You are confused.
* * * LOW HITPOINT WARNING * * *
You constrict Jorgrun. Jorgrun closely misses you.
You are too confused!
You release your grip on Jorgrun.
You feel less confused. Jorgrun casts a spell at you. The iron shot hits you!!
You die...

.......... ........#..#.
.......... ##..####.###.
.........# ......#.## ##
......... ## #....# ##.
)........ ##...###..
#....°..# #...##...
#..g.### ##.†.....
#°☼#.# #...#...
...####@#########...##..
...(............##..###.
......#.........#.##..##
######...#######.#####.#
##### ### ###


You could see Jorgrun (very poisoned).

Vanquished Creatures
  The ghost of freelancePsychic the Fighter, a journeyman DgTm (Elf:1)
  An orc warlord (Orc:2)
  A deep elf annihilator (Elf:1)
  Josephine (Orc:2)
  3 boulder beetles
  10 hydras
  5 two-headed ogres
  2 dancing weapons (Elf:1)
  4 orc high priests (Orc:2)
  A naga sharpshooter (Snake:1)
  Sonja (Orc:2)
  3 deep elf knights (Elf:2)
  A wizard (Elf:1)
  5 deep elf archers
  15 deep elf zephyrmancers
  10 orc knights
  13 deep elf pyromancers
  2 cyclopes
  4 orc sorcerers (Orc:2)
  A manticore (D:12)
  An oklob plant (Lair:4)
  7 elephants
  8 black mambas
  A naga mage (Snake:1)
  16 cane toads
  2 rime drakes
  2 gargoyles (D:12)
  14 komodo dragons
  2 kobold demonologists
  5 ice devils (IceCv)
  An anaconda simulacrum (IceCv)
  A freezing wraith (IceCv)
  An entropy weaver simulacrum (IceCv)
  3 trolls
  4 polar bears
  A queen bee (D:11)
  A hornet (D:9)
  12 blink frogs
  A snapping turtle (Lair:4)
  7 dream sheep (Lair:6)
  2 air elementals
  A shadow (D:10)
  2 vampires
  47 yaks
  5 wraiths
  8 wyverns
  2 spriggan simulacra (IceCv)
  5 basilisks
  2 steam dragons
  2 vampire mosquitoes (D:12)
  2 acid dragons
  2 nagas
  6 wargs
  21 water moccasins
  43 orc warriors
  An ice beast (D:6)
  2 hornet zombies
  2 sky beasts (D:8)
  8 black bears
  A necrophage (D:5)
  A boggart (Elf:1)
  5 wolves (Lair:2)
  9 ogres
  4 centaurs
  2 kobold brigands
  4 scorpions
  4 gnoll sergeants
  10 bullfrogs
  An earth elemental (Elf:1)
  A lindwurm simulacrum (IceCv)
  29 killer bees
  2 electric eels
  2 bullfrog zombies (D:5)
  2 centaur zombies
  A hound (D:4)
  2 jellies
  A gnoll shaman (D:10)
  A centaur skeleton (D:6)
  20 orc priests
  A bullfrog skeleton (D:5)
  An iguana (D:6)
  10 hell rats
  26 orc wizards
  2 hound skeletons
  3 howler monkey zombies
  18 gnolls
  4 adders
  A howler monkey skeleton (D:5)
  A white imp (D:7)
  A worm (D:5)
  A dart slug (D:3)
  102 orcs
  4 ball pythons
  9 bats
  8 endoplasms
  6 giant cockroaches
  6 goblins
  4 hobgoblins
  2 jackals (Sewer)
  5 quokkas
  5 frilled lizards
  8 kobolds
  9 rats
  A spectral kobold (D:3)
  3 bushes (D:2)
680 creatures vanquished.

Vanquished Creatures (others)
  A deep elf knight (Elf:1)
  A deep elf zephyrmancer (Elf:1)
  A deep elf pyromancer (Elf:2)
  A manticore (D:12)
  2 slime creatures (D:12)
  A kobold demonologist (D:11)
  A basilisk (shapeshifter) (Elf:2)
  2 orc warriors (Orc:2)
  An ogre (Orc:1)
  2 killer bees (D:11)
  94 jellies
  5 orc priests (Orc:2)
  3 orc wizards
  A gnoll (D:7)
  16 orcs
  6 kobolds (D:11)
  10 fulminant prisms
  46 fungi
  35 plants
229 creatures vanquished.

Grand Total: 909 creatures vanquished

Notes
Turn   | Place    | Note
-------+----------+-------------------------------------------
     0 | D:1      | browni3141 the Octopode Venom Mage began the quest for the
                  | Orb.
     0 | D:1      | Reached XP level 1. HP: 11/11 MP: 3/3
   133 | D:1      | Reached XP level 2. HP: 17/17 MP: 1/5
   232 | D:1      | Learned a level 2 spell: Poisonous Vapours
   383 | D:1      | Reached XP level 3. HP: 13/21 MP: 2/6
   387 | D:1      | Learned a level 3 spell: Mephitic Cloud
  1729 | D:2      | Reached skill level 5 in Poison Magic
  1930 | D:2      | Found Qeyrry's Armour Shop.
  3442 | D:3      | Noticed an angel
  3443 | D:3      | Found a glowing silver altar of Zin.
  3521 | D:3      | Reached XP level 4. HP: 27/27 MP: 1/8
  3704 | D:3      | Found Gumio's Antique Armour Shop.
  3724 | D:3      | Found Rurouhiv's Jewellery Boutique.
  3748 | D:3      | Found a glowing drain.
  3797 | Sewer    | Entered a sewer
  3914 | Sewer    | Noticed a kobold brigand
  3939 | Sewer    | Gained mutation: A frigid envelope surrounds you and
                  | freezes all who hurt you. [potion of mutation]
  3939 | Sewer    | Gained mutation: You have very sharp teeth. [potion of
                  | mutation]
  3939 | Sewer    | Gained mutation: Your magical capacity is low. (-10% MP)
                  | [potion of mutation]
  3953 | Sewer    | Killed a kobold brigand
  3954 | Sewer    | Reached XP level 5. HP: 14/31 MP: 0/8
  4182 | Sewer    | Found a white marble altar of Elyvilon.
  4225 | D:3      | Found Daykkim's General Store.
  4230 | D:3      | Bought a scroll of blinking for 75 gold pieces
  4339 | D:3      | Found a faded altar of an unknown god.
  4931 | D:4      | Noticed a black bear
  4944 | D:4      | Killed a black bear
  4945 | D:4      | Reached XP level 6. HP: 36/36 MP: 0/9
  4950 | D:4      | Learned a level 4 spell: Olgreb's Toxic Radiance
  5486 | D:4      | Reached skill level 1 in Fighting
  5486 | D:4      | Reached skill level 1 in Evocations
  5486 | D:4      | Reached XP level 7. HP: 38/43 MP: 8/10
  5766 | D:5      | Entered Level 5 of the Dungeon
  5811 | D:5      | Reached skill level 1 in Unarmed Combat
  5811 | D:5      | Reached skill level 1 in Conjurations
  5811 | D:5      | Reached skill level 1 in Air Magic
  6181 | D:5      | Reached XP level 8. HP: 50/50 MP: 5/11
  6960 | D:5      | Found Hutad's Fire Supplies.
  7110 | D:5      | Identified a scroll of acquirement
  7112 | D:5      | Acquired a +1 arbalest of flaming
  7514 | D:6      | Reached skill level 1 in Crossbows
  7695 | D:6      | Found Kex Sie's Overcharged Wands.
  7803 | D:6      | Found a staircase to the Ecumenical Temple.
  7910 | Temple   | Entered the Ecumenical Temple
  8136 | D:6      | Noticed a vampire
  8503 | D:6      | Identified the +1 kite shield of Ziwnof {rF+ Int+4}
  8545 | D:6      | Reached skill level 2 in Crossbows
  8963 | D:7      | Found a shadowy altar of Dithmenos.
  8990 | D:7      | Found an opulent altar of Gozag.
  8992 | D:7      | Found a snail-covered altar of Cheibriados.
  9205 | D:7      | Found a bloodstained altar of Trog.
  9678 | D:7      | Reached XP level 9. HP: 15/56 MP: 5/12
  9945 | D:7      | Reached skill level 3 in Crossbows
 10215 | D:7      | Reached skill level 10 in Poison Magic
 10520 | D:8      | Reached skill level 4 in Crossbows
 10633 | D:8      | Noticed a two-headed ogre
 11006 | D:8      | Killed a two-headed ogre
 11007 | D:8      | Reached XP level 10. HP: 63/63 MP: 4/13
 11089 | D:8      | Noticed a two-headed ogre
 11111 | D:8      | Killed a two-headed ogre
 11112 | D:8      | Reached skill level 5 in Crossbows
 11112 | D:8      | Reached skill level 5 in Dodging
 11463 | D:8      | Reached skill level 5 in Evocations
 11759 | D:8      | Found a staircase to the Lair.
 11759 | D:8      | Noticed a two-headed ogre
 11820 | D:8      | Killed a two-headed ogre
 12086 | D:9      | Reached skill level 6 in Crossbows
 12237 | D:9      | Found a flagged portal.
 12383 | Bailey   | Entered a bailey
 12396 | Bailey   | Reached skill level 5 in Fighting
 12675 | Bailey   | Noticed an orc knight
 12731 | Bailey   | Killed an orc knight
 12833 | Bailey   | Noticed an orc knight
 12871 | Bailey   | Killed an orc knight
 12872 | Bailey   | Reached skill level 7 in Crossbows
 12872 | Bailey   | Reached XP level 11. HP: 72/72 MP: 4/13
 12904 | Bailey   | Noticed an orc knight
 12916 | Bailey   | Killed an orc knight
 13014 | Bailey   | Noticed an orc knight
 13062 | Bailey   | Killed an orc knight
 13271 | Bailey   | Noticed an orc knight
 13311 | Bailey   | Killed an orc knight
 13312 | Bailey   | Reached skill level 8 in Crossbows
 13412 | D:9      | Acquired 910 gold pieces
 13669 | D:5      | Bought a ring of protection from fire for 300 gold pieces
 13771 | D:3      | Bought a ring of see invisible for 165 gold pieces
 13771 | D:3      | Bought a ring of flight for 192 gold pieces
 13771 | D:3      | Bought an amulet of magic regeneration for 330 gold pieces
 15754 | D:9      | Found a white marble altar of Elyvilon.
 15938 | D:10     | Entered Level 10 of the Dungeon
 16004 | D:10     | Noticed a two-headed ogre
 16273 | D:10     | Killed a two-headed ogre
 16417 | D:10     | Reached skill level 9 in Crossbows
 16771 | D:10     | Noticed a six-headed hydra
 16981 | D:9      | Learned a level 4 spell: Fulminant Prism
 17219 | D:11     | Noticed a two-headed ogre
 17230 | D:11     | Killed a two-headed ogre
 17231 | D:11     | Reached skill level 1 in Hexes
 17250 | D:11     | Noticed a boulder beetle
 17263 | D:11     | Killed a boulder beetle
 17417 | D:11     | Identified the +1 robe of the Elven Halls {Slay+4}
 17482 | D:11     | Noticed a six-headed hydra
 17529 | D:11     | Noticed a fire dragon
 17533 | D:12     | Noticed a cyclops
 17894 | Lair:1   | Entered Level 1 of the Lair of Beasts
 18127 | Lair:1   | Reached XP level 12. HP: 33/81 MP: 11/14
 18705 | Lair:1   | Found a runed translucent gate.
 18708 | Lair:1   | Found a runed translucent gate.
 18709 | Lair:1   | Found a runed translucent gate.
 18709 | Lair:1   | Noticed siradein's ghost (journeyman HOFi)
 18845 | Lair:1   | Reached skill level 10 in Crossbows
 18969 | Lair:1   | Noticed a four-headed hydra
 19579 | Lair:2   | Noticed a death yak
 19791 | Lair:2   | Noticed a death yak
 19947 | Lair:2   | Noticed a death yak
 20661 | Lair:3   | Reached skill level 5 in Conjurations
 20902 | Lair:3   | Noticed a death yak
 21118 | Lair:3   | Noticed a boulder beetle
 21238 | Lair:3   | Reached skill level 11 in Crossbows
 21284 | Lair:3   | Noticed a death yak
 21639 | Lair:3   | Noticed a death yak
 21817 | Lair:4   | Noticed a six-headed hydra
 22044 | Lair:4   | Found a staircase to the Snake Pit.
 22179 | Lair:4   | Found a runed translucent door.
 22179 | Lair:4   | Noticed Coamny's ghost (journeyman HOMo)
 22347 | Lair:4   | Reached XP level 13. HP: 56/89 MP: 15/15
 22985 | Lair:4   | Reached skill level 5 in Hexes
 23072 | Lair:4   | Found a staircase to the Shoals.
 23749 | Lair:5   | Reached skill level 12 in Crossbows
 25014 | Lair:5   | Found a large runed translucent door.
 25014 | Lair:5   | Found a large runed translucent door.
 25234 | Lair:5   | Noticed Dysowo's ghost (journeyman PaMo)
 25451 | Lair:6   | Entered Level 6 of the Lair of Beasts
 26526 | Lair:6   | Found a viscous altar of Jiyva.
 26530 | Lair:6   | Found an ornate altar of the Wu Jian Council.
 26541 | Lair:6   | Found a hide-covered altar of Uskayaw.
 26548 | Lair:6   | Found a staircase to the Slime Pits.
 26565 | Lair:6   | Reached XP level 14. HP: 76/97 MP: 13/16
 26567 | Lair:6   | Reached skill level 13 in Crossbows
 26954 | Lair:6   | Became a worshipper of Jiyva Jounk the Shapeless
 27431 | Lair:6   | Reached skill level 10 in Dodging
 27770 | Lair:6   | Was placed under penance by Jiyva
 28916 | D:11     | Was forgiven by Jiyva
 29217 | D:12     | Reached skill level 10 in Fighting
 29311 | D:12     | Found a staircase to the Orcish Mines.
 29406 | D:12     | Noticed Azrael
 29737 | D:12     | Reached * piety under Jiyva
 30350 | Orc:1    | Entered Level 1 of the Orcish Mines
 30350 | Orc:1    | Found Wuowapnea's Antique Weapon Shop.
 30397 | Orc:1    | Reached skill level 14 in Crossbows
 30542 | Orc:2    | Entered Level 2 of the Orcish Mines
 30693 | Orc:2    | Reached ** piety under Jiyva
 30753 | Orc:2    | Found Ostreyru's Gadget Gallery.
 30753 | Orc:2    | Found a staircase to the Elven Halls.
 31286 | Orc:1    | You are sucked into a shaft and drop 1 floor!
 31295 | Orc:2    | Noticed an orc warlord
 31501 | Orc:2    | Noticed Josephine
 31514 | Orc:2    | Killed Josephine
 31523 | Orc:2    | Reached XP level 15. HP: 83/105 MP: 17/17
 31674 | Orc:2    | Killed an orc warlord
 31713 | Orc:2    | Noticed Sonja
 31722 | Orc:2    | Killed Sonja
 31893 | Orc:2    | Reached *** piety under Jiyva
 31973 | Orc:2    | Gained mutation: You are agile. (Dex +2) [Jiyva's grace]
 31973 | Orc:2    | Gained mutation: You are very agile. (Dex +4) [Jiyva's
                  | grace]
 31973 | Orc:2    | Gained mutation: You are covered in slimy tendrils that may
                  | disarm your opponents. [Jiyva's grace]
 31973 | Orc:2    | Gained mutation: You have extremely sharp teeth. [Jiyva's
                  | grace]
 32000 | Orc:2    | Found Usulim's General Store.
 32001 | Orc:2    | Found Cerghes's Book Shoppe.
 32003 | Orc:2    | Found Geseleeps's Antique Armour Emporium.
 32003 | Orc:2    | Found Facif's Antique Weapon Emporium.
 32030 | Orc:2    | Bought a glowing triple crossbow for 364 gold pieces
 32040 | Orc:2    | Bought 15 bolts for 48 gold pieces
 32041 | Orc:2    | Bought a book of Hexes for 540 gold pieces
 32041 | Orc:2    | Bought a book of Misfortune for 360 gold pieces
 32043 | Orc:2    | Learned a level 1 spell: Slow
 32047 | Orc:2    | Learned a level 3 spell: Inner Flame
 32125 | Elf:1    | Entered Level 1 of the Elven Halls
 32327 | Elf:1    | Found a frozen archway.
 32331 | IceCv    | Entered an ice cave
 32497 | IceCv    | Reached skill level 15 in Crossbows
 33076 | Elf:1    | Found a runed translucent gate.
 33079 | Elf:1    | Found a runed translucent gate.
 33079 | Elf:1    | Found a runed translucent gate.
 33080 | Elf:1    | Noticed freelancePsychic's ghost (journeyman DgTm)
 33884 | Elf:1    | Reached **** piety under Jiyva
 34125 | Elf:2    | Paralysed by an air elemental for 1 turns
 34376 | Elf:1    | Killed freelancePsychic's ghost
 34408 | Elf:1    | Identified the ring of Xom's Full Attention {rElec rCorr
                  | Slay+3}
 34759 | Snake:1  | Entered Level 1 of the Snake Pit
 34834 | Snake:1  | Reached skill level 16 in Crossbows
 35136 | Snake:1  | Noticed Jorgrun
 35157 | Snake:1  | Killed from afar by Jorgrun

Illustrated notes

Levels and vault maps discovered:
D:1:      dpeg_arrival_boxorama, layout_basic, minmay_vboxes
D:2:      layout_basic, serial_forest, infiniplex_forest_clump_long,
          infiniplex_forest_end_2, infiniplex_forest_clump_long,
          infiniplex_forest_end_2, infiniplex_forest_clump_cross,
          infiniplex_forest_lined_corner, serial_shops, shop
D:3:      layout_rooms, zin_angel, portal_sewer_entry_a, serial_shops,
          nicolae_shop_hallway_plus, shop, shop,
          dreamdust_ecumenical_altar_drowned_temple
D:4:      layout_gridville
D:5:      layout_basic, minmay_splitting_lines, chequers_avenue,
          nicolae_shop_fire_sale [nicolae_sub_dead_trees]
D:6:      layout_loops_ring, temple_fountains, nicolae_shop_overcharged_wands
D:7:      layout_rooms, grunt_temple_overflow_open, roderic_lattice_a,
          kennysheep_dice
D:8:      layout_basic, lair_entry_dummy, minmay_misc_feat_diagonals
D:9:      nicolae_cairo_tiling_very_big, layout_layer_cave,
          nicolae_elyvilon_peaceful_grove, enter_bailey_6
D:10:     layout_rooms
D:11:     layout_cave_pods, special_room [special_room_bee]
D:12:     layout_cave_pods, orc_0_dummy, uniq_azrael
Temple:   eino_temple_scatter_basement
Lair:1:   layout_cave_pods, gammafunk_ghost_necromancy, special_room,
          serial_bayou_shore_b, grunt_megastairs_3, infiniplex_staircase_pool_2
Lair:2:   layout_roguey, grunt_forest_small_clearings, beast_lair_carwin_8,
          lemuel_fruit_fields, infiniplex_staircase_pool
Lair:3:   layout_chaotic_city
Lair:4:   layout_roguey, minmay_shoals_entry_hut, guppyfry_snake_entry_island,
          hellmonk_ghost_happy_afterlife, grunt_megastairs_5
Lair:5:   layout_gridlike, ebering_ghost_disaster_area, beast_lair_carwin_11
Lair:6:   cheibrodos_lair_end_hotspot, layout_cave_pods, slime_altar_1,
          nzn_masters_of_martial_movement
Snake:1:  kennysheep_snake, layout_chambers, serial_shops, bzr_entry_islet,
          serial_bayou_shore_b, lemuel_fruit_tree, uniq_jorgrun
Orc:1:    layout_caves, serial_shops, shop, nicolae_orc_lost_temple
Orc:2:    st_orc_congregation, layout_diamond_mine, nicolae_shop_gadgets,
          uniq_sonja, uniq_josephine
Elf:1:    minmay_elf_arrival_plus, layout_geoelf_diagonals,
          portal_ice_cave_entry_pillars_three, ebering_ghost_rock_garden,
          hangedman_elf_disciples, nicolae_concentric_dashed_squares_mild,
          nicolae_elf_glassroom_feature, uniq_louise
Elf:2:    nicolae_elf_blades_crystal_corner, layout_gridlike, serial_shops,
          nicolae_shop_stone

Skill      XL: |  1  2  3  4  5  6  7  8  9 10 11 12 13 14 15 |
---------------+----------------------------------------------+-----
Poison Magic   | 4 5 6 7 8 9 10 12 | 12.0
Spellcasting   | 3 |  3.0
Fighting       | 1 3 4 5 7 8 9 10 11 | 11.7
Evocations     | 1 3 4 5 |  5.0
Unarmed Combat | 1 2 |  2.2
Conjurations   | 1 2 3 5 7 8 |  8.9
Air Magic      | 1 2 3 |  3.0
Dodging        | 3 4 6 7 8 9 10 11 | 11.8
Crossbows      | 2 4 7 9 11 12 14 16 | 16.0
Hexes          | 2 4 6 7 8 |  8.1
Stealth        | |  2.6
Transmutations | |  1.0

Action                   |  1- 3 |  4- 6 |  7- 9 | 10-12 | 13-15 || total
-------------------------+-------+-------+-------+-------+-------++-------
Melee: Unarmed           |   921 |    66 |   106 |   149 |   454 ||  1696
       Constrict         |    18 |    17 |    17 |    34 |    78 ||   164
       Tentacles         |   216 |    11 |    24 |    33 |    99 ||   383
       Bite              |       |     5 |    11 |    21 |    73 ||   110
       Punch             |       |       |     1 |       |     7 ||     8
 Fire: Arbalest          |       |       |    11 |   120 |   279 ||   410
       Triple crossbow   |       |       |       |       |     6 ||     6
 Cast: Sting             |    27 |    23 |    53 |    40 |    17 ||   160
       Poisonous Vapours |     6 |    13 |    31 |    83 |    65 ||   198
       Mephitic Cloud    |     1 |     2 |     1 |    13 |    47 ||    64
       Olgreb's Toxic Ra |       |       |    14 |    45 |   158 ||   217
       Fulminant Prism   |       |       |       |     1 |     9 ||    10
       Inner Flame       |       |       |       |       |     3 ||     3
       Slow              |       |       |       |       |     2 ||     2
Evoke: Wand              |       |       |     9 |    15 |    29 ||    53
  Use: Potion            |       |     4 |       |       |    13 ||    17
       Scroll            |       |       |     9 |     9 |     5 ||    23
 Stab: Sleeping          |     4 |     2 |       |     1 |     3 ||    10
       Confused          |       |     2 |       |     2 |    14 ||    18
       Paralysed         |       |       |       |     6 |       ||     6
Armor: Skin              |    11 |     7 |    13 |    33 |    29 ||    93
Dodge: Dodged            |    43 |    77 |    80 |   201 |   568 ||   969
Block: Other             |       |       |     9 |     7 |       ||    16
       Reflection        |       |       |       |     2 |       ||     2

Table legend: (Time is in decaauts)
 A = Elapsed time spent in this place.
 B = Non-inter-level travel time spent in this place.
 C = Inter-level travel time spent in this place.
 D = Time resting spent in this place.
 E = Time spent auto-exploring this place.
 F = Levels seen in this place.
 G = Mean time per level.
                   A        B        C        D        E       F      G
               +--------+--------+--------+--------+--------+-----+--------+
         Total |  35265 |  33089 |   2176 |   3942 |  21271 |  27 | 1306.1 |
       Dungeon |  18634 |  17166 |   1468 |   2277 |  11008 |  12 | 1552.8 |
        Temple |    184 |    173 |     11 |      0 |    157 |   1 |  184.0 |
          Lair |  10377 |   9912 |    465 |    822 |   7249 |   6 | 1729.5 |
     Snake Pit |    395 |    395 |      0 |      0 |    292 |   1 |  395.0 |
  Orcish Mines |   1984 |   1829 |    155 |    121 |    991 |   2 |  992.0 |
   Elven Halls |   1815 |   1740 |     75 |     95 |   1047 |   2 |  907.5 |
         Sewer |    420 |    420 |      0 |     98 |    161 |   1 |  420.0 |
        Bailey |   1026 |   1026 |      0 |    340 |    303 |   1 | 1026.0 |
      Ice Cave |    425 |    425 |      0 |    189 |     63 |   1 |  425.0 |
               +--------+--------+--------+--------+--------+-----+--------+

Top non-repeatable levels by time:
  Lair:5: 2534 daAuts
     D:8: 2468 daAuts
  Lair:6: 2050 daAuts
     D:9: 1863 daAuts
     D:2: 1852 daAuts
  Lair:4: 1743 daAuts
     D:5: 1694 daAuts
   Orc:2: 1641 daAuts
     D:7: 1628 daAuts
     D:1: 1588 daAuts
     D:6: 1583 daAuts
  Lair:1: 1558 daAuts
   Elf:1: 1552 daAuts
    D:11: 1469 daAuts
    D:10: 1341 daAuts
